 Dungeon Crawl Stone Soup version 0.27-a0-3-gcf006a40f5 (webtiles) character file.

Game seed: 3286967374874434258

63 teolandon225 the Sneak (level 3, 0/17 HPs)
             Began as a Spriggan Enchanter on Jan 1, 2021.
             Slain by an adder (4 damage)
             ... on level 3 of the Dungeon.
             The game lasted 00:05:42 (1452 turns).

teolandon225 the Sneak (Spriggan Enchanter)         Turns: 1452, Time: 00:05:43

Health: 0/17       AC:  2    Str:  4    XL:     3   Next: 87%
Magic:  2/8        EV: 19    Int: 16    God:
Gold:   98         SH:  0    Dex: 17    Spells: 5/8 levels left

rFire    . . .     SeeInvis +   a - +1 dagger
rCold    . . .     Faith    .   (shield restricted)
rNeg     . . .     Spirit   .   b - +0 robe
rPois    .         Reflect  .   (helmet restricted)
rElec    .         Harm     .   (no cloak)
rCorr    .         Rampage  .   (gloves unavailable)
Will     .....                  (boots unavailable)
Stlth    +++.......             (no amulet)
HPRegen  0.05/turn              (no ring)
MPRegen  0.11/turn              (no ring)

@: very slightly contaminated, very quick
A: very small, unfitting armour, see invisible, speed 3
a: no special abilities


You were on level 3 of the Dungeon.
You visited 1 branch of the dungeon, and saw 4 of its levels.

You collected 98 gold pieces.

Inventory:

Hand Weapons
 a - a +1 dagger (weapon)
Armour
 b - a +0 robe (worn)
Scrolls
 g - 3 scrolls of identify
Potions
 d - a potion of brilliance
 f - 2 potions of might


   Skills:
 + Level 0.6 Fighting
 * Level 2.1 Short Blades
 + Level 3.5 Dodging
 * Level 5.3 Stealth
 + Level 3.1 Spellcasting
 + Level 4.0 Hexes


You had 5 spell levels left.
You knew the following spells:

 Your Spells              Type           Power        Failure   Level
a - Corona                Hex            16%          3%          1
b - Ensorcelled Hibernat  Hex/Ice        16%          12%         2

Your spell library contained the following spells:

 Spells                   Type           Power        Failure   Level
 Confusing Touch          Hex            15%          11%         3
 Tukima's Dance           Hex            15%          11%         3
 Dazzling Flash           Conj/Hex       16%          24%         3


Dungeon Overview and Level Annotations

Branches:
Dungeon (4/15)
 Temple: D:4-7

Altars:


Innate Abilities, Weirdness & Mutations

You are very small and have problems with some larger weapons.
You are too small for most types of armour.
You have supernaturally acute eyesight. (SInv)
You cover ground extremely quickly.


Message History

Aim: an adder (not susceptible)
The adder is unaffected.
The adder closely misses you. The worm closely misses you.
Aiming: Ensorcelled Hibernation (safe; 12% risk of failure)
Press: ? - help, Q - select action, (/) - cycle Shift-Dir - straight line, f/p - adder
Aim: an adder (not susceptible)
You miscast Ensorcelled Hibernation.
You are very lightly contaminated with residual magic.
Nothing appears to happen.
The adder completely misses you. x2
You hit the worm.
The worm is lightly wounded.
The worm closely misses you. The adder barely misses you.
You hit the worm.
The worm is lightly wounded.
The adder misses you.
You hit the worm but do no damage.
The worm is lightly wounded.
The adder bites you.
You die...

# ##.
#...#############
#...w@S.........#
#...###########.#
### #.# #.# ..
#S# ...### #.#
....[.####.#
...........#
.....#.####


You could see a worm and an adder.

Vanquished Creatures
  A bullfrog skeleton (D:2)
  A dart slug (D:1)
  3 leopard geckos (D:1)
  3 bats
  A giant cockroach (D:1)
  5 hobgoblins
  5 kobolds (D:1)
  4 frilled lizards
  5 goblins
  2 rats
30 creatures vanquished.

Notes
Turn   | Place    | Note
-------+----------+-------------------------------------------
     0 | D:1      | teolandon225 the Spriggan Enchanter began the quest for the
                  | Orb.
     0 | D:1      | Reached XP level 1. HP: 9/9 MP: 5/5
   389 | D:1      | Reached XP level 2. HP: 13/13 MP: 6/6
   596 | D:1      | Learned a level 2 spell: Ensorcelled Hibernation
   672 | D:1      | Reached skill level 5 in Stealth
   941 | D:1      | Reached XP level 3. HP: 14/16 MP: 1/8
  1398 | D:2      | You fall into a shaft and drop 2 floors!
  1452 | D:3      | Slain by an adder

Illustrated notes

Levels and vault maps discovered:
D:1:      dpeg_arrival_simpleton_c, layout_loops_ring, st_stairs_2
D:2:      layout_basic, uniq_sigmund, uniq_crazy_yiuf_cottage
D:3:      minmay_goblin_kobold_castle, layout_loops_ring,
          lightli_sewer_entry_pipes
D:4:      cheibrodos_thug_alley, layout_basic

Skill      XL: |  1  2  3 |
---------------+----------+-----
Spellcasting   | 3 |  3.1
Stealth        | 5 |  5.3
Short Blades   | 2 |  2.1
Hexes          | 4 |  4.0
Fighting       | |  0.6
Dodging        | |  3.5

Action                   || total
-------------------------++-------
Melee: Dagger            ||   129
 Cast: Corona            ||     4
       Ensorcelled Hiber ||     6
  Use: Scroll            ||     5
 Stab: Sleeping          ||    14
Armor: Robe              ||    11
Dodge: Dodged            ||   110

Table legend: (Time is in decaauts)
 A = Elapsed time spent in this place.
 B = Non-inter-level travel time spent in this place.
 C = Inter-level travel time spent in this place.
 D = Time resting spent in this place.
 E = Time spent auto-exploring this place.
 F = Levels seen in this place.
 G = Mean time per level.
                   A        B        C        D        E       F      G
               +--------+--------+--------+--------+--------+-----+--------+
         Total |   1092 |   1076 |     16 |     28 |    653 |   4 |  273.0 |
       Dungeon |   1092 |   1076 |     16 |     28 |    653 |   4 |  273.0 |
               +--------+--------+--------+--------+--------+-----+--------+

Top non-repeatable levels by time:
     D:1: 846 daAuts
     D:2: 207 daAuts
     D:3: 32 daAuts
     D:4: 6 daAuts
